 Dungeon Crawl Stone Soup version 0.29.1-15-g9cfb28693d (webtiles) character file.

Game seed: 5160595695019726735

109 Sanktem7 the Trooper (level 4, 0/42 HPs)
             Began as a Minotaur Fighter on Mar 8, 2023.
             Succumbed to a gnoll's poison
             ... on level 2 of the Dungeon.
             The game lasted 00:03:24 (2133 turns).

Sanktem7 the Trooper (Minotaur Fighter)             Turns: 2133, Time: 00:03:25

Health: 0/42       AC: 11    Str: 22    XL:     4   Next: 59%
Magic:  3/3        EV:  6    Int:  5    God:
Gold:   165        SH:  4    Dex: 10    Spells: 3/3 levels left

rFire   . . .      SeeInvis .   a - +0 war axe {axe}
rCold   . . .      Faith    .   c - +0 buckler
rNeg    . . .      Spirit   .   k - +0 plate armour
rPois   .          Reflect  .   (helmet restricted)
rElec   .          Harm     .   (no cloak)
rCorr   .          Rampage  .   (no gloves)
Will    +....                   (no boots)
Stlth   ..........              (no amulet)
HPRegen 0.14/turn               s - ring of willpower
MPRegen 0.08/turn               (no ring)

@: lethally poisoned (0 -> -13)
A: horns 2, retaliatory headbutt
a: no special abilities


You were on level 2 of the Dungeon.
You visited 1 branch of the dungeon, and saw 3 of its levels.

You collected 165 gold pieces.


Innate Abilities, Weirdness & Mutations

You have a pair of horns on your head.
You reflexively headbutt those who attack you in melee.


   Skills:
 * Level 5.0 Fighting
 * Level 4.1 Axes
 + Level 4.3 Armour
 - Level 3.6 Shields


You had 3 spell levels left.
You didn't know any spells.
Your spell library contained the following spells:

 Spells                   Type           Power      Damage    Failure   Level
 Poisonous Vapours        Pois/Air       0%         N/A       100%        2
 Corpse Rot               Necr/Pois/Air  0%         N/A       100%        4

Inventory:

Hand Weapons
 a - a +0 war axe (weapon) {axe}
 e - a +1 hand axe of electrocution {axe}
   (You found it on level 1 of the Dungeon)
Missiles
 h - 24 stones (quivered) {throwing}
 r - 2 throwing nets {=f!fthrowing}
Armour
 c - a +0 buckler (worn)
 k - a +0 plate armour (worn)
   (You found it on level 1 of the Dungeon)
Magical Staves
 f - a staff of fire {!astaff}
   (You found it on level 1 of the Dungeon)
Jewellery
 s - a ring of willpower (left hand)
   (You found it on level 2 of the Dungeon)
Scrolls
 b - a scroll of amnesia {unknown}
 j - a scroll of immolation {unknown}
 n - 2 scrolls of identify {unknown}
 o - a scroll of torment {unknown}
 p - a scroll of enchant armour {unknown}
 t - a scroll of enchant weapon {unknown}
 v - 3 scrolls of teleportation {unknown}
Potions
 d - 4 potions of might
 g - 2 potions of brilliance {unknown}
 i - 2 potions of heal wounds {unknown}
 l - a potion of attraction {unknown}
 m - 2 potions of curing {unknown}
 q - a potion of resistance {unknown}

Dungeon Overview and Level Annotations

Branches:
Dungeon (3/15) Zot: 15818

Altars:

Shops:
D:3

*= ###### #....#####
#....#...#
#........###############
#....#.@........."......
###..#...###############
##.#....# #......##
#...#.#.####
##.........##
#.#.#.#.#..#######
##.....###.......###
#.#.#.....#####....


There were no monsters in sight!


Message History

You see here a +0 dagger {short}.
A gnoll comes into view. It is wielding a +0 halberd.
There is an open door here.
A gnoll is nearby!
A gnoll comes into view. It is wielding a +0 flail.
The gnoll shouts! x2
A gnoll comes into view. It is wielding a +0 spear.
There is an entrance to Helaowe's General Store here.
A gnoll comes into view. It is wielding a +0 spear of venom.
The gnoll shouts! x2
There is an open door here.
The gnoll hits you from afar with a +0 halberd. 😕 HP[-6]
You take 6 damage, and now have 35/41 hp.
You block the gnoll's attack. The gnoll hits you but does no damage.
The gnoll hits you with a +0 halberd. 😕 HP[-2]
You take 2 damage, and now have 33/41 hp.
You hit the gnoll. You headbutt the gnoll!
You kill the gnoll!
You barely miss the gnoll.
The gnoll hits you from afar with a +0 spear.
The gnoll hits you but does no damage. The gnoll barely misses you. 😕 HP[-2]
You take 2 damage, and now have 31/41 hp.
You slash the gnoll! The gnoll hits you with a +0 halberd.
The gnoll hits you from afar with a +0 spear.
The gnoll hits you but does no damage. 😮 HP[-9]
You take 9 damage, and now have 22/41 hp.
MASSIVE DAMAGE!! (PAUSE)
The gnoll hits you from afar with a +0 halberd!
* * * LOW HITPOINT WARNING * * *
😨 HP[-8]
You take 8 damage, and now have 14/41 hp.
There is an open door here.
There is an entrance to Helaowe's General Store here. 😨 HP[+1]
There is an open door here. 😨 HP[+1] 😨 HP[+1] 😨 HP[+1] 😨 HP[+1]
There is a stone staircase leading up here.
You can't go down here!
You climb upwards.
There is a stone staircase leading down here. 😨 HP[+1]
You start resting. 😎 HP[+21]
Your hp is fully restored (41).
You can't go up here!
Unknown command.
You climb downwards.
The gnoll hits you with a +0 halberd. The gnoll hits you but does no damage.
There is a stone staircase leading up here. 😕 HP[-5]
You take 5 damage, and now have 36/41 hp.
You slash the gnoll!
You kill the gnoll!
Your Fighting skill increases to level 5! 😕 HP[+1]
You now have 42 max hp (+1).
The gnoll hits you but does no damage.
You are poisoned.
Things that are here:
a +0 halberd {polearm}; a scroll labelled YFOR VAENKOW You feel very sick.
The gnoll hits you but does no damage. The gnoll closely misses you. 😕 HP[-3]
You take 3 damage, and now have 34/42 hp.
You slash the gnoll!
You feel very sick. You block the gnoll's attack.
The gnoll hits you but does no damage.
You are more poisoned.
The gnoll hits you with a +0 spear of venom!
You are lethally poisoned!
The gnoll hits you from afar with a +0 spear!
* * * LOW HITPOINT WARNING * * *
😨 HP[-17]
You take 17 damage, and now have 17/42 hp.
MASSIVE DAMAGE!! (PAUSE)
The gnoll attacks as you move away! You block the gnoll's attack.
* * * LOW HITPOINT WARNING * * *
You feel very sick. The gnoll barely misses you.
Things that are here:
a +0 halberd {polearm}; a scroll labelled YFOR VAENKOW 😨 HP[-4]
You take 4 damage, and now have 13/42 hp.
* * * LOW HITPOINT WARNING * * *
You feel very sick.
There is a stone staircase leading up here. 😱 HP[-5]
You take 5 damage, and now have 8/42 hp.
* * * LOW HITPOINT WARNING * * *
You feel very sick. The gnoll closely misses you.
You climb upwards.
You die...

Skill      XL: |  1  2  3  4 |
---------------+-------------+-----
Fighting       | 4 5 |  5.0
Axes           | 3 4 |  4.1
Armour         | 4 |  4.3
Shields        | |  3.6

Action                   |  1- 3 |  4- 6 || total
-------------------------+-------+-------++-------
Melee: War axe           |   102 |    28 ||   130
       Headbutt          |    11 |     3 ||    14
Armor: Scale mail        |    25 |       ||    25
       Plate armour      |    37 |    17 ||    54
Dodge: Dodged            |    40 |     9 ||    49
Block: Buckler           |    19 |     6 ||    25

Levels and vault maps discovered:
D:1:      giann_horns, layout_basic, minmay_tall_x
D:2:      layout_rooms, shapermc_ecumenical_altar_venn, hex_tiny
D:3:      minmay_wonky_spiral, layout_basic, amethyst_overflow_temple_binary,
          jmf_multi_god_temple, serial_shops, nicolae_shop_behind_doors,
          shop_statue, shop_fountains, shop, kennysheep_generic_room_12

Notes
Turn   | Place    | Note
-------+----------+-------------------------------------------
     0 | D:1      | Sanktem7 the Minotaur Fighter began the quest for the Orb.
     0 | D:1      | Reached XP level 1. HP: 19/19 MP: 0/0
     0 | D:1      | magus.rc [v1.9.6]
    50 | D:1      | Reached XP level 2. HP: 18/27 MP: 1/1
   167 | D:1      | Reached skill level 4 in Fighting
   238 | D:1      | Reached skill level 3 in Axes
   468 | D:1      | Reached skill level 4 in Armour
   470 | D:1      | Reached XP level 3. HP: 33/33 MP: 2/2
  1235 | D:2      | Reached XP level 4. HP: 41/41 MP: 3/3
  1483 | D:2      | Found a faded altar of an unknown god.
  1729 | D:3      | Found Paos's Jewellery Shop.
  1737 | D:3      | Reached skill level 4 in Axes
  1816 | D:3      | Found Helaowe's General Store.
  1826 | D:3      | You pick up a book of Vapours and begin reading...
  1826 | D:3      | You add the spells Poisonous Vapours and Corpse Rot to your
                  | library.
  2127 | D:3      | Reached skill level 5 in Fighting
  2131 | D:3      | HP: 8/42 [poisoned by a gnoll]
  2133 | D:2      | Succumbed to a gnoll's poison

Vanquished Creatures
  2 gnolls (D:3)
  An adder (D:3)
  3 worms (D:2)
  7 dart slugs
  6 bats
  5 endoplasms
  2 giant cockroaches
  4 goblins
  5 hobgoblins (D:1)
  2 quokkas
  8 ball pythons
  7 frilled lizards
  4 kobolds
  4 rats
60 creatures vanquished.

Table legend:
 A = Non-vault XP
 B = Vault XP
 C = Vault XP percentage of total XP
 D = Non-vault monster count
 E = Vault monster count
 F = Vault count percentage of total count
                 A         B        C        D         E       F
            +---------+---------+-------+---------+---------+-------
      Total |     148 |       8 |   5.1 |      56 |       4 |   6.7
            +---------+---------+-------+---------+---------+-------
        D:1 |      56 |       8 |  12.5 |      29 |       4 |  12.1
        D:2 |      51 |       0 |   0.0 |      24 |       0 |   0.0
        D:3 |      41 |       0 |   0.0 |       3 |       0 |   0.0
            +---------+---------+-------+---------+---------+-------

Illustrated notes

Table legend:
 A = Kills in this place as a percentage of kills in entire the game.
 B = Kills by you in this place as a percentage of kills by you in the entire game.
 C = Kills by friends in this place as a percentage of kills by friends in the entire game.
 D = Other kills in this place as a percentage of other kills in the entire game.
 E = Experience gained in this place as a percentage of experience gained in the entire game.
 F = Experience gained in this place divided by the number of levels of this place that you have seen.
                   A       B       C       D       E      F
               +-------+-------+-------+-------+-------+----------------------
         Total | 100.0 | 100.0 |   N/A |   N/A | 100.0 |  52.0
       Dungeon | 100.0 | 100.0 |   N/A |   N/A | 100.0 |  52.0
               +-------+-------+-------+-------+-------+----------------------

Table legend: (Time is in decaauts)
 A = Elapsed time spent in this place.
 B = Non-inter-level travel time spent in this place.
 C = Inter-level travel time spent in this place.
 D = Time resting spent in this place.
 E = Time spent auto-exploring this place.
 F = Levels seen in this place.
 G = Mean time per level.
                   A        B        C        D        E       F      G
               +--------+--------+--------+--------+--------+-----+--------+
         Total |   2181 |   2152 |     29 |    162 |   1574 |   3 |  727.0 |
       Dungeon |   2181 |   2152 |     29 |    162 |   1574 |   3 |  727.0 |
               +--------+--------+--------+--------+--------+-----+--------+

Top non-repeatable levels by time:
     D:2: 1035 daAuts
     D:1: 902 daAuts
     D:3: 243 daAuts
